 Dungeon Crawl Stone Soup version 0.27-a0-1347-gd8886f0a89 (webtiles) character file.

Game seed: 11145540627913751476

30977 sanka the Nimble (level 13, -2/102 HPs)
             Began as a Djinni Artificer on June 27, 2021.
             Was a High Priest of Makhleb.
             Slain by a cane toad (12 damage)
             ... on level 3 of the Lair of Beasts.
             The game lasted 00:37:13 (20139 turns).

sanka the Nimble (Djinni Artificer)                Turns: 20139, Time: 00:37:14

Health: -2/102     AC: 11    Str:  6    XL:     13   Next: 92%
Gold:   550        EV: 21    Int: 20    God:    Makhleb [*****.] SH:  0 Dex: 19

rFire    + . .     SeeInvis +   a - +3 great sword (freeze)
rCold    + . .     Faith    +   (shield currently unavailable)
rNeg     + . .     Spirit   .   q - +2 robe {rC+}
rPois    ∞         Reflect  .   R - +2 helmet {SInv}
rElec    .         Harm     .   K - +1 cloak
rCorr    .         Rampage  .   S - +1 pair of gloves {Stlth+}
Will     +....                  (boots unavailable)
Stlth    ++++......             f - amulet of faith
HPRegen  0.27/turn              L - ring of the Thistle {rN+ Str-5 Int+4 Dex+3 Slay+4 Stlth+}
MPRegen  0.00/turn              B - ring of ice

@: flying
A: sickness immunity, fire resistance 2, cold vulnerability 1, float, innate
caster, hp casting, extra vitality 1
a: Renounce Religion, Minor Destruction, Lesser Servant of Makhleb, Major
Destruction, Greater Servant of Makhleb


You were on level 3 of the Lair of Beasts.
You worshipped Makhleb.
Makhleb was extremely pleased with you.
You visited 3 branches of the dungeon, and saw 15 of its levels.
You also visited: Bailey.

You collected 1006 gold pieces.
You spent 456 gold pieces at shops.


Innate Abilities, Weirdness & Mutations

You are immune to sickness and miasma.
You are immune to poison.
Your flesh is very heat resistant. (rF++)
You are vulnerable to cold. (rC-)
You float through the air rather than walking.
You learn spells naturally, not from books.
Your magical power is your life essence.
You have superior vitality. (+4 HP)


   Skills:
 + Level 12.7 Fighting
 - Level 1.0 Armour
 + Level 13.3 Dodging
 - Level 0.7 Stealth
 - Level 11.0 Spellcasting
 - Level 3.0 Evocations


You had 15 spell levels left.
You knew the following spells:

 Your Spells              Type           Power      Damage    Failure   Level
c - Searing Ray           Conj           100%       3d7       1%          2
v - Lightning Bolt        Conj/Air       26%        1d42      1%          5
x - Portal Projectile     Hex/Tloc       100%       N/A       1%          3
y - Bolt of Magma         Conj/Fire/Erth 26%        4d12      1%          5
z - Stone Arrow           Conj/Erth      100%       3d13      1%          3
Z - Corona                Hex            58%        N/A       1%          1
Your spell library was empty.

Inventory:

Hand Weapons
 a - a +3 great sword of freezing (weapon)
 b - a +2 vorpal scimitar
 o - a +1 trident of venom
 J - a +3 quarterstaff of chaos
 O - a +4 dire flail
Missiles
 C - a throwing net {=f}
 U - 4 curare-tipped darts {=f}
Armour
 q - a +2 robe of cold resistance (worn)
 F - the +5 ring mail of Dishonesty {rElec rCorr Int-5 Dex+5}

   Int:       It affects your intelligence (-5).
   Dex:       It affects your dexterity (+5).
   rElec:     It insulates you from electricity.
   rCorr:     It protects you from acid and corrosion.
 K - a +1 cloak (worn)
 R - a +2 helmet of see invisible (worn)
 S - a +1 pair of gloves of stealth (worn)
Magical Staves
 T - a staff of fire
Jewellery
 f - an amulet of faith (around neck)
 p - a ring of wizardry
 B - a ring of ice (right hand)
 D - a ring of ice
 L - the ring of the Thistle (left hand) {rN+ Str-5 Int+4 Dex+3 Slay+4 Stlth+}

   [ring of slaying]

   Str:       It affects your strength (-5).
   Int:       It affects your intelligence (+4).
   Dex:       It affects your dexterity (+3).
   Slay:      It affects your accuracy & damage with ranged weapons and melee
   (+4).
   rN:        It protects you from negative energy.
   Stlth:     It makes you more stealthy.
 M - a ring of fire
 N - a ring of resist corrosion
Wands
 c - a wand of flame (66) (quivered)
 d - a wand of charming (36)
 s - a wand of polymorph (7)
 H - a wand of iceblast (11)
 Q - a wand of digging (11)
Scrolls
 j - 2 scrolls of torment {!r}
 l - a scroll of blinking {unknown}
 m - 6 scrolls of teleportation {@r4}
 n - 6 scrolls of magic mapping
 v - 2 scrolls of enchant weapon
 y - 2 scrolls of noise {unknown}
 A - a scroll of brand weapon {unknown}
 E - 2 scrolls of immolation {unknown}
 G - 3 scrolls of enchant armour {unknown}
Potions
 g - 2 potions of haste {@q3}
 h - a potion of berserk rage {unknown}
 i - a potion of invisibility
 k - a potion of resistance {unknown}
 r - 2 potions of lignification {!q}
 t - 4 potions of attraction {unknown}
 u - 2 potions of brilliance
 w - 6 potions of might
 x - a potion of experience {unknown}
 z - a potion of curing {@q1}
 I - 3 potions of heal wounds {unknown}
 P - a potion of magic {unknown}
 V - a potion of mutation {unknown}
Miscellaneous
 e - a piece from Xom's chessboard (15/15)

Dungeon Overview and Level Annotations

Branches:
Dungeon (11/15)            Temple (1/1) D:6            Lair (3/6) D:8
 Shoals (0/4) Lair:2          Orc (0/2) D:10         Bailey (visited)
  Snake: Lair:2-4    Spider: Lair:2-4

Altars:
Ashenzari
Cheibriados
Dithmenos
Elyvilon
Fedhas
Gozag
Hepliaklqana
Kikubaaqudgha
Makhleb
Nemelex Xobeh
Okawaru
Qazlal
Ru
Sif Muna
Trog
Uskayaw
Vehumet
Wu Jian
Xom
Yredelemnul
Zin
The Shining One

Shops:
D:3 :   D:8 (   D:11 [

Annotations:
D:6 3 runed translucent doors, Decipherer's ghost, novice MiFi
Lair:1 2 transporters, Deep1's ghost, journeyman DEWz

▒▒▒ ▒▒▒ ▒▒
▒▒..▒▒▒.▒▒▒.▒▒▒▒.
................
▒............
▒.......▒.▒
▒........▒
▒.....<..▒...
▒FR...........
......##.F...▒▒....
....£▒........▒ ...
.... ▒........... .
▒.. ▒........▒▒...
fP ▒........▒ ▒.▒ .
.......F..▒ ..
...........


You could see a cane toad and 2 blink frogs.


Message History

* * * LOW HITPOINT WARNING * * *
Aiming: Stone Arrow (safe; 1% risk of failure)
Aim: a cane toad (heavily wounded, 81% to hit)
The stone arrow misses the cane toad.
* * * LOW HITPOINT WARNING * * *
The blink frog hits you.
* * * LOW HITPOINT WARNING * * *
The cane toad stings you!
* * * LOW HITPOINT WARNING * * *
Aiming: Stone Arrow (safe; 1% risk of failure)
Aim: a cane toad (heavily wounded, 81% to hit)
The stone arrow hits the cane toad!
The cane toad is severely wounded.
* * * LOW HITPOINT WARNING * * *
The blink frog closely misses you.
You riposte.
You hit the blink frog. You freeze the blink frog.
The blink frog is severely wounded.
The cane toad stings you!!
* * * LOW HITPOINT WARNING * * *
You don't have enough health to cast this spell.
Unknown command.
Unknown command.
Okay, then.
Okay, then.
The blink frog blinks!
The blink frog blinks!
The cane toad stings you!
You die...

Action                   |  1- 3 |  4- 6 |  7- 9 | 10-12 | 13-15 || total
-------------------------+-------+-------+-------+-------+-------++-------
Melee: Mace              |    85 |    66 |       |       |       ||   151
       Club              |     1 |       |       |       |       ||     1
       Trident           |       |    35 |    32 |       |       ||    67
       Scimitar          |       |     7 |    21 |       |       ||    28
       Dire flail        |       |       |       |    42 |       ||    42
       Unarmed           |       |       |       |    15 |       ||    15
       Great sword       |       |       |       |    20 |       ||    20
 Cast: Searing Ray       |       |    10 |    34 |     5 |       ||    49
       Stone Arrow       |       |       |    35 |   291 |   145 ||   471
       Corona            |       |       |       |     3 |       ||     3
       Lightning Bolt    |       |       |       |    11 |       ||    11
       Portal Projectile |       |       |       |     1 |       ||     1
       Bolt of Magma     |       |       |       |       |    13 ||    13
Evoke: Wand              |     4 |     2 |     2 |     1 |       ||     9
  Use: Scroll            |       |       |     4 |     2 |       ||     6
       Potion            |       |       |       |     7 |     1 ||     8
 Stab: Sleeping          |       |     5 |       |       |       ||     5
Armor: Scale mail        |    31 |       |       |       |       ||    31
       Robe              |    20 |    37 |    44 |    50 |     9 ||   160
       Skin              |       |       |       |    11 |       ||    11
Dodge: Dodged            |    73 |    85 |    83 |   157 |    37 ||   435
       Rpst.: Scimitar   |       |     4 |    12 |       |       ||    16
       Great sword       |       |       |       |    14 |    11 ||    25

Levels and vault maps discovered:
D:1:      giann_forest_graveyard, layout_loops_ring,
          chequers_ecumenical_altar_simple
D:2:      layout_loops_ring, serial_glass, glass_columns_c, glass_columns_b,
          glass_columns_a, glass_columns_b, glass_columns_b, glass_columns_c,
          glass_columns_a, glass_columns_a
D:3:      layout_basic, serial_shops, shop, uniq_jessica
D:4:      layout_loops_ring, gammafunk_temple_overflow_arena, solitary_fountain
D:5:      layout_basic, old_standard_altar
D:6:      layout_rooms, lemuel_doored_altar, nicolae_ashenzari_panopticon,
          grunt_temple_overflow_open, minmay_temple_entry_stoned_glass,
          gammafunk_ghost_nasty_kobolds, chequers_serial_rivers_small_3
D:7:      layout_cave_pools, chequers_temple_overflow_statue_of_worship,
          dk_noncrumbling_3, minmay_misc_feat_ornament, uniq_pikel,
          uniq_crazy_yiuf_cottage
D:8:      layout_basic, kiku_gazebo_pond_becter, lemuel_crystal_altar,
          elyvilon_altar_5, minmay_lair_entry_grove, enter_bailey_4,
          serial_shops, nicolae_shop_statue_plus, uniq_maggie
D:9:      layout_basic
D:10:     layout_rooms, david_orc_3
D:11:     layout_irregular_city, serial_shops, nicolae_shop_crystal,
          onia_ninara_cookie
Temple:   minmay_temple_curvy_loop
Lair:1:   layout_chaotic_city, gammafunk_ghost_berserking_beasts,
          infiniplex_staircase_pool_2, uniq_sonja, uniq_gastronok
Lair:2:   layout_cave_pods, elwin_shoals_entry_stream
Lair:3:   layout_regular_city, uniq_fannar

Notes
Turn   | Place    | Note
-------+----------+-------------------------------------------
     0 | D:1      | sanka the Djinni Artificer began the quest for the Orb.
     0 | D:1      | Reached XP level 1. HP: 17/17 MP: 0/0
   128 | D:1      | Found a faded altar of an unknown god.
   205 | D:1      | Reached skill level 1 in Spellcasting
   205 | D:1      | Reached XP level 2. HP: 21/22 MP: 0/0
  1105 | D:2      | Reached XP level 3. HP: 27/27 MP: 0/0
  1105 | D:2      | Learned a level 1 spell: Corona
  1904 | D:3      | Reached skill level 2 in Fighting
  1904 | D:3      | Reached XP level 4. HP: 27/34 MP: 0/0
  2270 | D:3      | Noticed Jessica
  2275 | D:3      | Killed Jessica
  2276 | D:3      | Reached skill level 3 in Fighting
  2276 | D:3      | Reached XP level 5. HP: 40/40 MP: 0/0
  2276 | D:3      | Learned a level 2 spell: Searing Ray
  2550 | D:3      | Reached skill level 2 in Spellcasting
  2663 | D:3      | Found Guafoxzu's Book Shoppe.
  3556 | D:4      | Found an ornate altar of the Wu Jian Council.
  3556 | D:4      | Found a transporter.
  3563 | D:4      | Found a transporter.
  3631 | D:4      | Reached XP level 6. HP: 39/46 MP: 0/0
  3632 | D:4      | Reached skill level 3 in Spellcasting
  4357 | D:5      | Entered Level 5 of the Dungeon
  4437 | D:5      | Noticed an orc warrior
  4728 | D:5      | Reached skill level 4 in Spellcasting
  4775 | D:5      | Noticed a water moccasin
  4788 | D:5      | Killed a water moccasin
  4789 | D:5      | Reached XP level 7. HP: 34/51 MP: 0/0
  4789 | D:5      | Learned a level 3 spell: Portal Projectile
  4921 | D:5      | Reached skill level 3 in Dodging
  4972 | D:5      | Found a burning altar of Makhleb.
  5056 | D:5      | Reached skill level 4 in Fighting
  5062 | D:5      | Noticed a water moccasin
  5079 | D:5      | Killed a water moccasin
  5445 | D:5      | Reached XP level 8. HP: 51/58 MP: 0/0
  5556 | D:5      | Reached skill level 4 in Dodging
  5811 | D:5      | HP: 1/58 [something (14)]
  6225 | D:5      | Reached skill level 5 in Fighting
  6590 | D:6      | Found a broken altar of Ashenzari.
  6625 | D:6      | Reached skill level 5 in Spellcasting
  6898 | D:6      | Found a staircase to the Ecumenical Temple.
  6906 | D:6      | Identified the +5 ring mail of Dishonesty {rElec rCorr
                  | Int-5 Dex+5}
  6930 | Temple   | Entered the Ecumenical Temple
  7183 | D:5      | Became a worshipper of Makhleb the Destroyer
  7237 | D:6      | Found a sacrificial altar of Ru.
  7237 | D:6      | Found a hazy altar of Hepliaklqana.
  7284 | D:6      | Found a blossoming altar of Fedhas.
  7392 | D:6      | Reached skill level 5 in Dodging
  7497 | D:6      | Found a runed translucent gate.
  7497 | D:6      | Found a runed translucent gate.
  7497 | D:6      | Found a runed translucent gate.
  7499 | D:6      | Noticed Decipherer's ghost (novice MiFi)
  7503 | D:6      | Noticed a kobold demonologist
  7997 | D:7      | Noticed Pikel
  8021 | D:7      | Killed Pikel
  8022 | D:7      | Reached skill level 6 in Fighting
  8022 | D:7      | Reached skill level 6 in Dodging
  8022 | D:7      | Reached XP level 9. HP: 30/67 MP: 0/0
  8022 | D:7      | Learned a level 3 spell: Stone Arrow
  8562 | D:7      | Reached skill level 6 in Spellcasting
  8731 | D:7      | Reached skill level 7 in Fighting
  8732 | D:7      | Reached * piety under Makhleb
  8832 | D:7      | Found an opulent altar of Gozag.
  8833 | D:7      | Found a shadowy altar of Dithmenos.
  8925 | D:7      | Found a runed translucent door.
  8926 | D:7      | Noticed Crazy Yiuf
  9001 | D:7      | Reached skill level 7 in Dodging
  9004 | D:7      | Noticed a five-headed hydra
  9223 | D:7      | Killed a five-headed hydra
  9224 | D:7      | Reached skill level 8 in Dodging
  9224 | D:7      | Reached XP level 10. HP: 67/76 MP: 0/0
  9466 | D:7      | Killed Crazy Yiuf
  9538 | D:7      | Reached skill level 8 in Fighting
  9689 | D:8      | Found a flagged portal.
  9729 | Bailey   | Entered a bailey
  9794 | Bailey   | Noticed an orc knight
  9808 | Bailey   | Killed an orc knight
  9809 | Bailey   | Reached skill level 7 in Spellcasting
 10021 | Bailey   | Noticed a kobold demonologist
 10021 | Bailey   | Noticed a kobold demonologist
 10051 | Bailey   | Noticed an orange demon
 10055 | Bailey   | Killed a kobold demonologist
 10108 | Bailey   | Killed a kobold demonologist
 10109 | Bailey   | Reached skill level 9 in Dodging
 10430 | Bailey   | Found an iron altar of Okawaru.
 10451 | Bailey   | Reached ** piety under Makhleb
 10600 | Bailey   | Identified the +1 robe of the Trees {Rampage}
 10812 | Bailey   | Noticed an orc knight
 10824 | Bailey   | Killed an orc knight
 10825 | Bailey   | Reached skill level 9 in Fighting
 10825 | Bailey   | Reached XP level 11. HP: 58/84 MP: 0/0
 10825 | Bailey   | Learned a level 5 spell: Lightning Bolt
 11472 | D:8      | Acquired the ring of the Thistle {rN+ Str-5 Int+4 Dex+3
                  | Slay+4 Stlth+}
 11487 | D:8      | Identified +0 steam dragon scales
 11487 | D:8      | Noticed Maggie
 11495 | D:8      | Killed Maggie
 11591 | D:8      | Reached skill level 8 in Spellcasting
 11840 | D:8      | Found a staircase to the Lair.
 12055 | D:8      | Found a stormy altar of Qazlal.
 12154 | D:8      | HP: 8/84 [something (4)]
 12163 | D:8      | HP: 11/126 [something (4)]
 12167 | D:8      | Reached skill level 10 in Dodging
 12167 | D:8      | Reached *** piety under Makhleb
 12523 | D:8      | Found Xisun's Antique Weapon Shoppe.
 12810 | D:8      | Found a white marble altar of Elyvilon.
 13313 | D:9      | Reached skill level 10 in Fighting
 13679 | D:10     | Entered Level 10 of the Dungeon
 13687 | D:10     | Found a staircase to the Orcish Mines.
 13699 | D:10     | Reached skill level 9 in Spellcasting
 14211 | D:10     | Identified +0 acid dragon scales
 14509 | D:10     | Reached XP level 12. HP: 85/91 MP: 0/0
 14690 | D:10     | Reached **** piety under Makhleb
 15257 | D:11     | Noticed a two-headed ogre
 15270 | D:11     | Killed a two-headed ogre
 15367 | D:11     | Found Toniugio's Armour Boutique.
 15371 | D:11     | Bought a +2 helmet of see invisible for 258 gold pieces
 15371 | D:11     | Bought a +1 pair of gloves of stealth for 198 gold pieces
 15525 | D:10     | Reached skill level 11 in Dodging
 15744 | D:11     | Noticed an ogre mage
 15749 | D:11     | Killed an ogre mage
 15761 | D:11     | Reached skill level 10 in Spellcasting
 16381 | D:11     | Noticed a two-headed ogre
 16417 | D:11     | Identified +0 acid dragon scales
 16616 | D:11     | Identified +0 acid dragon scales
 16671 | D:11     | Reached skill level 11 in Fighting
 17054 | Lair:1   | Entered Level 1 of the Lair of Beasts
 17075 | Lair:1   | Noticed Sonja
 17088 | Lair:1   | Killed Sonja
 17114 | Lair:1   | Reached XP level 13. HP: 78/99 MP: 0/0
 17114 | Lair:1   | Learned a level 5 spell: Bolt of Magma
 17876 | Lair:1   | Found a transporter.
 17900 | Lair:1   | Noticed Gastronok
 17913 | Lair:1   | Reached ***** piety under Makhleb
 17917 | Lair:1   | Reached skill level 12 in Dodging
 17926 | Lair:1   | Noticed an eight-headed hydra
 17929 | Lair:1   | Noticed Deep1's ghost (journeyman DEWz)
 18066 | Lair:1   | Killed Gastronok
 18067 | Lair:1   | Reached skill level 11 in Spellcasting
 18330 | Lair:1   | Found a transporter.
 18470 | Lair:2   | Noticed a catoblepas
 18479 | Lair:2   | Killed a catoblepas
 18504 | Lair:2   | Reached skill level 12 in Fighting
 18811 | Lair:2   | Noticed a six-headed hydra
 18818 | Lair:2   | Killed a six-headed hydra
 18910 | Lair:2   | Reached skill level 13 in Dodging
 19244 | Lair:2   | Found a staircase to the Shoals.
 19647 | Lair:2   | Identified +0 fire dragon scales
 20138 | Lair:3   | HP: 1/102 [cane toad (18)]
 20139 | Lair:3   | Slain by a cane toad

Vanquished Creatures
  Gastronok (Lair:1)
  2 hydras
  An ogre mage (D:11)
  A catoblepas (Lair:2)
  A two-headed ogre (D:11)
  Sonja (Lair:1)
  2 orc knights (Bailey)
  Pikel (D:7)
  An ugly thing (D:11)
  A manticore (D:11)
  A deep elf pyromancer (D:11)
  2 cyclopes (D:11)
  2 merfolk sirens (Lair:2)
  3 black mambas
  Maggie (D:8)
  A gargoyle (D:10)
  7 cane toads
  3 komodo dragons
  An unseen horror (D:8)
  2 kobold demonologists (Bailey)
  A rime drake (Lair:2)
  2 merfolk (Lair:2)
  A troll (D:11)
  A polar bear (Lair:2)
  A hornet (D:9)
  7 slime creatures
  8 blink frogs
  A vampire (D:11)
  2 wraiths (D:11)
  26 yaks
  3 wyverns (D:8)
  4 shadows
  3 basilisks
  A steam dragon (D:7)
  3 acid dragons
  7 water moccasins
  12 orc warriors
  4 sky beasts
  A black bear (D:8)
  10 wolves
  4 centaurs
  A lemure (D:7)
  6 bullfrogs
  A scorpion (D:8)
  2 water moccasin zombies
  A water moccasin skeleton (D:5)
  5 killer bees (D:10)
  9 wights
  A howler monkey (D:4)
  5 electric eels (Bailey)
  2 bullfrog zombies
  3 centaur zombies
  5 orc priests
  2 jellies
  Crazy Yiuf (D:7)
  A hound (D:3)
  Jessica (D:3)
  A bullfrog skeleton (D:6)
  2 iguanas (D:7)
  8 orc wizards
  A killer bee zombie (D:7)
  A howler monkey zombie (D:7)
  11 gnolls
  4 adders
  A white imp (D:5)
  2 adder skeletons (D:4)
  A dart slug (D:1)
  43 orcs
  4 endoplasms
  3 giant cockroaches
  11 hobgoblins
  8 jackals
  A quokka (D:3)
  3 ball pythons
  5 bats
  A frilled lizard (D:3)
  11 goblins
  3 kobolds
  9 rats
317 creatures vanquished.

Vanquished Creatures (others)
  10 fungi
  29 plants
39 creatures vanquished.

Grand Total: 356 creatures vanquished
